 Dungeon Crawl Stone Soup version 0.31-a0-145-g046c7d2549 (webtiles) character file.

Game seed: 15967403481254104504

240 mopl the Covered (level 6, -3/49 HPs)
             Began as a Barachi Fighter on June 5, 2023.
             Slain by a gnoll
             ... wielding a +0 spear
              (5 damage)
             ... on level 3 of the Dungeon.
             The game lasted 00:02:37 (1978 turns).

mopl the Covered (Barachi Fighter)                  Turns: 1978, Time: 00:02:38

Health: -3/49      AC:  7    Str: 19    XL:     6   Next: 8%
Magic:  6/6        EV: 10    Int:  9    God:
Gold:   81         SH:  4    Dex: 11    Spells: 5/5 levels left

rFire   + . .        a - +0 war axe
rCold   . . .        c - +0 buckler
rNeg    . . .        b - +0 scale mail
rPois   .            (no helmet)
rElec   .            (no cloak)
rCorr   .            (no gloves)
SInv    .            (no boots)
Will    .....        (no amulet) Stlth
                     p - ring of protection from fire
HPRegen 0.28/turn    (no ring)
MPRegen 0.10/turn

%: no passive effects
@: unable to hop, slow
A: amphibious, slowness 1, strong legs 1, +LOS
a: Hop


You were on level 3 of the Dungeon.
You visited 1 branch of the dungeon, and saw 3 of its levels.

You collected 81 gold pieces.

Inventory:

Hand Weapons
 a - a +0 war axe (weapon)
Missiles
 j - 6 atropa-tipped darts
 l - 8 poisoned darts (quivered)
Armour
 b - a +0 scale mail (worn)
 c - a +0 buckler (worn)
Jewellery
 k - a ring of ice
 p - a ring of protection from fire (left hand)
Scrolls
 e - a scroll of amnesia {unknown}
 f - 2 scrolls of immolation {unknown}
 i - 4 scrolls of identify {unknown}
 m - a scroll of teleportation {unknown}
 n - a scroll of torment {unknown}
 r - a scroll of acquirement {unknown}
Potions
 d - a potion of might
 g - 2 potions of resistance {unknown}
 h - a potion of enlightenment {unknown}
 o - a potion of mutation {unknown}
 q - 2 potions of lignification {unknown}


   Skills:
 + Level 4.6 Fighting
 * Level 4.4 Axes
 + Level 1.5 Throwing
 + Level 4.7 Armour
 + Level 2.3 Dodging
 - Level 3.2 Shields


You had 5 spell levels left.
You didn't know any spells.
Your spell library contained the following spells:

 Spells                   Type           Power      Damage    Failure   Level
 Summon Small Mammal      Summ           0%         N/A       82%         1
 Call Canine Familiar     Summ           0%         N/A       99%         3
 Summon Guardian Golem    Hex/Summ       0%         N/A       99%         3


Dungeon Overview and Level Annotations

Branches:
Dungeon (3/15)

Altars:
Ashenzari
Dithmenos
Hepliaklqana
Sif Muna
Vehumet

Shops:
D:2 !

Annotations:
D:2 1 runed translucent door, Crazy Yiuf


Innate Abilities, Weirdness & Mutations

You are amphibious.
You cover ground slowly.
You can hop short distances.
You have an extended range of vision and can be seen from far away.


Message History

You hit the gnoll.
The gnoll is heavily wounded.
The gnoll closely misses you.
You hit the gnoll.
The gnoll is moderately wounded.
The gnoll hits you from afar with a +0 halberd!
You slash the gnoll!
You kill the gnoll!
A gnoll comes into view. It is wielding a +0 spear.
The gnoll closely misses you.
You have reached level 6!
The gnoll hits you from afar with a +0 spear.
The gnoll hits you with a +0 halberd! You block the gnoll's attack. x2
You see here a +0 club.
You hit the gnoll but do no damage.
The gnoll is heavily wounded.
The gnoll hits you from afar with a +0 spear!
* * * LOW HITPOINT WARNING * * *
The gnoll barely misses you.
You hit the gnoll.
The gnoll is almost dead.
The gnoll hits you from afar with a +0 spear.
* * * LOW HITPOINT WARNING * * *
The gnoll hits you with a +0 halberd!
* * * LOW HITPOINT WARNING * * *
You slash the gnoll!
You kill the gnoll!
The gnoll completely misses you. The gnoll misses you.
Hop to where?
Press: ? - help, Dir - move target Boing!
Unknown command.
The gnoll hits you but does no damage.
You see here a +0 club.
You closely miss the gnoll. The gnoll hits you with a +0 spear.
* * * LOW HITPOINT WARNING * * *
You hit the gnoll.
The gnoll is moderately wounded.
The gnoll hits you with a +0 spear.
You die...

.# . . # .# .# # .# ## . .# #
##. .. .. ##. .. # .. #. .# ..
#. # @# #.##. .##..#.##. # ##..
##...g##....##....##### . .# .
#@.# ##..#.##....# .##.#.
##.#..##.#..##.#..... #.##.
..##....##....##....##### #.#..
#.#..##.#..##.#..##.#.# #
#..#.##..#.##..#.##..#.##..# #
#.##....##....##....##....## #
#...#.##..#.##).#.##..#.##..###
#...##.#..##.#..##.#..##.#....#
#.##....##....##....##....###.#


You could see a gnoll.

Vanquished Creatures
  Sigmund (D:3)
  2 gnolls (D:3)
  3 adders (D:2)
  2 worms
  An orc (D:3)
  2 ball pythons
  An endoplasm (D:2)
  3 giant cockroaches
  6 hobgoblins
  4 jackals (D:3)
  2 bats (D:1)
  A frilled lizard (D:3)
  A kobold (D:2)
  3 rats
32 creatures vanquished.

Notes
Turn   | Place    | Note
-------+----------+-------------------------------------------
     0 | D:1      | mopl the Barachi Fighter began the quest for the Orb.
     0 | D:1      | Reached XP level 1. HP: 18/18 MP: 1/1
   238 | D:1      | Reached XP level 2. HP: 25/25 MP: 2/2
   753 | D:2      | Found Jicur's Distillery.
   976 | D:2      | Reached skill level 1 in Dodging
   976 | D:2      | Reached XP level 3. HP: 30/30 MP: 3/3
  1084 | D:2      | Reached skill level 3 in Axes
  1084 | D:2      | Reached skill level 4 in Armour
  1146 | D:2      | Reached skill level 4 in Fighting
  1290 | D:2      | Found a runed translucent door.
  1291 | D:2      | Noticed Crazy Yiuf
  1364 | D:3      | Found a broken altar of Ashenzari.
  1396 | D:3      | Found a hazy altar of Hepliaklqana.
  1450 | D:3      | Noticed Sigmund
  1595 | D:3      | Killed Sigmund
  1596 | D:3      | Reached skill level 4 in Axes
  1596 | D:3      | Reached skill level 1 in Throwing
  1596 | D:3      | Reached skill level 2 in Dodging
  1596 | D:3      | Reached XP level 4. HP: 8/38 MP: 4/4
  1596 | D:3      | Reached XP level 5. HP: 9/43 MP: 5/5
  1816 | D:3      | Found a radiant altar of Vehumet.
  1861 | D:3      | Found a shadowy altar of Dithmenos.
  1874 | D:3      | Found a shimmering blue altar of Sif Muna.
  1971 | D:3      | Reached XP level 6. HP: 28/49 MP: 6/6
  1973 | D:3      | HP: 2/49 [gnoll/+0 halberd (7)]
  1978 | D:3      | Slain by a gnoll

Illustrated notes

Levels and vault maps discovered:
D:1:      minmay_arrival_four_houses, layout_loops_corners
D:2:      layout_loops_ring, serial_shops, shop, uniq_crazy_yiuf_cottage
D:3:      layout_rooms, mainiacjoe_overflow_surrounded_room,
          mainiacjoe_overflow_tiny_flanked, old_standard_altar,
          mainiacjoe_overflow_catwalk, fiery_altar_vehumet,
          nicolae_eternal_life, uniq_sigmund

Skill      XL: |  1  2  3 |
---------------+----------+-----
Dodging        | 1 2 |  2.3
Axes           | 4 |  4.4
Armour         | 4 |  4.7
Fighting       | 4 |  4.6
Throwing       | 1 |  1.5
Shields        | |  3.2

Action                     |  1- 3 |  4- 6 || total
---------------------------+-------+-------++-------
  Melee: War axe           |    83 |    32 ||   115
  Throw: Dart              |     8 |       ||     8
Ability: Hop               |       |     1 ||     1
 Armour: Scale mail        |    53 |    14 ||    67
  Dodge: Dodged            |    36 |    25 ||    61
  Block: Buckler           |    19 |     9 ||    28

Table legend: (Time is in decaauts)
 A = Elapsed time spent in this place.
 B = Non-inter-level travel time spent in this place.
 C = Inter-level travel time spent in this place.
 D = Time resting spent in this place.
 E = Time spent auto-exploring this place.
 F = Levels seen in this place.
 G = Mean time per level.
                   A        B        C        D        E       F      G
               +--------+--------+--------+--------+--------+-----+--------+
         Total |   2343 |   2270 |     73 |    171 |   1683 |   3 |  781.0 |
       Dungeon |   2343 |   2270 |     73 |    171 |   1683 |   3 |  781.0 |
               +--------+--------+--------+--------+--------+-----+--------+

Top non-repeatable levels by time:
     D:1: 901 daAuts
     D:2: 775 daAuts
     D:3: 667 daAuts
